AoeStats
← thekyser

Arabian Desert

511664563Analyzed
1v1 RM · 15d ago on Oct 6, 2026· 45m 27s· 2 players
Game mode
Random Map
Map size
Tiny (2 player)
Population
200
Speed
Normal
Resources
Standard
Victory
Conquest
Starting age
Dark Age
Ending age
Imperial Age
RankedLock teamsTeams togetherTeam positionsShared explorationLock speedFull tech treeHidden civsTurbo modeCheats
Victory
Defeat
🇦🇷 Franks · Argentina
656
+16
vs
🇨🇱 Lithuanians · Chile
661
-16
thekyser
10:45 Feudal Age
10:46 Loom
11:53 Double-Bit Axe
12:46 Wheelbarrow
20:42 Castle Age
19:34 Scale Barding Armor
19:30 Scale Mail Armor
20:06 Padded Archer Armor
20:52 Forging
20:34 Fletching
21:56 Hand Cart
22:00 Bow Saw
24:14 Coinage
24:15 Stone Mining
24:58 Gold Mining
25:02 Pikeman
25:43 Squires
27:18 Gold Shaft Mining
30:20 Husbandry
31:57 Fortified Wall
35:10 Masonry
37:34 Imperial Age
34:49 Town Watch
35:44 Bodkin Arrow
36:05 Leather Archer Armor
36:26 Iron Casting
36:07 Chain Mail Armor
36:32 Chain Barding Armor
37:38 Cavalier
37:39 Light Cavalry
40:19 Banking
41:25 Chemistry
40:56 Architecture
41:04 Paladin
42:31 Elite Throwing Axeman
43:57 Halberdier
joven.ubal.91
8:03 Loom
10:39 Feudal Age
17:07 Horse Collar
17:43 Double-Bit Axe
23:52 Castle Age
25:09 Pikeman
30:19 Wheelbarrow
29:37 Gold Mining
29:37 Stone Mining
30:56 Light Cavalry
37:53 Heavy Plow
42:54 Imperial Age
40:30 Heated Shot
42:02 Bow Saw
43:45 Halberdier
44:21 Onager
Connection lost

Rejoining the realm…

Still unreachable

The connection could not be restored.

Session expired

The server has moved on; the page needs a fresh start.